 Dungeon Crawl Stone Soup version 0.29.1-1-gd02db69 (webtiles) character file.

Game seed: 14317951690073396869

12084 Kel the Fighter (level 11, -4/76 HPs)
             Began as a Gargoyle Fighter on Nov 23, 2022.
             Was an Initiate of Gozag.
             Slain by an eight-headed hydra (6 damage)
             ... on level 11 of the Dungeon.
             The game lasted 00:37:51 (15589 turns).

Kel the Fighter (Gargoyle Fighter)                 Turns: 15589, Time: 00:37:53

Health: -4/76      AC: 30    Str: 32    XL:     11   Next: 87%
Magic:  11/11      EV:  4    Int:  9    God:    Gozag
Gold:   1694       SH: 12    Dex: 13    Spells: 10/10 levels left

rFire   . . .      SeeInvis .   (no weapon)
rCold   . . .      Faith    .   Q - +0 tower shield
rNeg    + . .      Spirit   .   y - +0 plate armour
rPois   ∞          Reflect  .   K - +1 helmet "Etavvag" {+Blink Will+ Stlth+}
rElec   +          Harm     .   d - +0 cloak
rCorr   .          Rampage  .   D - +1 pair of gloves {hurl}
Will    +....                   (no boots)
Stlth   ..........              c - amulet of the acrobat
HPRegen 0.22/turn               J - +6 ring of strength
MPRegen 0.12/turn               M - +6 ring of strength

@: about to teleport, studying Conjurations
A: sickness immunity, AC +8, negative energy resistance 1, electricity
resistance, torment resistance 1, petrification resistance
a: Renounce Religion, Evoke Blink, Potion Petition, Call Merchant, Bribe Branch


You were on level 11 of the Dungeon.
You worshipped Gozag.
Gozag was most pleased with you.
You visited 2 branches of the dungeon, and saw 13 of its levels.
You also visited: Sewer.

You collected 2211 gold pieces.
You spent 446 gold pieces at shops.
You paid 71 gold pieces to Gozag.

Inventory:

Hand Weapons
 P - the +7 war axe of Yredelemnul's Grace {freeze, *Noise rN+ Str+5 Int+5}
   (You found it on level 8 of the Dungeon)

   It freezes those it strikes, dealing additional cold damage.
   It can also slow down cold-blooded creatures.
   Str:       It affects your strength (+5).
   Int:       It affects your intelligence (+5).
   rN:        It protects you from negative energy.
   *Noise:    It may make noises in combat.
Missiles
 O - a throwing net (quivered)
Armour
 d - a +0 cloak (worn)
 y - a +0 plate armour (worn)
 D - a +1 pair of gloves of hurling (worn)
 K - the +1 helmet "Etavvag" (worn) {+Blink Will+ Stlth+}
   (You bought it in a shop on level 3 of the Dungeon)

   +Blink:    It lets you blink.
   Will:      It increases your willpower.
   Stlth:     It makes you more stealthy.
 Q - a +0 tower shield (worn)
Jewellery
 c - an amulet of the acrobat (around neck)
 f - a ring of ice
 p - a ring of ice
 C - a +6 ring of strength
 J - a +6 ring of strength (left hand)
 M - a +6 ring of strength (right hand)
Wands
 a - a wand of flame (20)
 b - a wand of charming (6)
 A - a wand of polymorph (10)
 F - a wand of mindburst (9)
Scrolls
 e - 3 scrolls of magic mapping
 g - 2 scrolls of enchant weapon
 h - 6 scrolls of identify
 j - a scroll of torment {unknown}
 k - 3 scrolls of brand weapon {unknown}
 m - 3 scrolls of immolation {unknown}
 n - 3 scrolls of fog
 o - 2 scrolls of blinking {unknown}
 s - 4 scrolls of noise
 t - 3 scrolls of summoning {unknown}
 u - 3 scrolls of enchant armour
 w - 4 scrolls of teleportation
 z - a scroll of amnesia
 I - a scroll of fear {unknown}
Potions
 i - 6 potions of lignification
 l - 6 potions of mutation
 q - 2 potions of ambrosia {unknown}
 r - 6 potions of curing
 v - 3 potions of flight
 x - 2 potions of haste
 B - 2 potions of attraction {unknown}
 E - 2 potions of brilliance
 G - a potion of invisibility
 H - a potion of heal wounds
 L - a potion of might
 N - a potion of magic {unknown}


   Skills:
 + Level 12.2 Fighting
 + Level 10.0(10.1) Axes
 - Level 1.0(6.9) Maces & Flails
 + Level 12.2 Armour
 - Level 3.4 Shields


You had 10 spell levels left.
You didn't know any spells.
Your spell library contained the following spells:

 Spells                   Type           Power      Damage    Failure   Level
 Apportation              Tloc           0%         N/A       100%        1
 Necrotise                Necr           0%         1d4       100%        1
 Sting                    Tmut/Pois      0%         1d3       100%        1
 Summon Small Mammal      Summ           0%         N/A       100%        1
 Ensorcelled Hibernation  Hex/Ice        0%         N/A       100%        2
 Scorch                   Fire           0%         2d5       100%        2
 Searing Ray              Conj           0%         2d4       100%        2
 Call Canine Familiar     Summ           0%         N/A       100%        3
 Inner Flame              Hex/Fire       0%         N/A       100%        3
 Spider Form              Tmut/Pois      0%         N/A       100%        3
 Summon Guardian Golem    Hex/Summ       0%         N/A       100%        3
 Tukima's Dance           Hex            0%         N/A       100%        3
 Anguish                  Hex/Necr       0%         N/A       100%        4
 Cause Fear               Hex            0%         N/A       100%        4
 Ice Form                 Ice/Tmut       0%         N/A       100%        4
 Passage of Golubria      Tloc           0%         N/A       100%        4
 Petrify                  Tmut/Erth      0%         N/A       100%        4
 Fireball                 Conj/Fire      0%         3d3       100%        5
 Irradiate                Conj/Tmut      0%         3d11      100%        5
 Yara's Violent Unravell  Hex/Tmut       0%         3d3       100%        5
 Starburst                Conj/Fire      0%         6d3       100%        6
 Discord                  Hex            0%         N/A       100%        8
 Sublimation of Blood     Necr           Unusable   N/A       N/A         2

Dungeon Overview and Level Annotations

Branches:
Dungeon (12/15)            Temple (1/1) D:4            Lair (0/5) D:11
    Orc (0/2) D:10          Sewer (visited)

Altars:
Ashenzari
Cheibriados
Dithmenos
Elyvilon
Fedhas
Gozag
Hepliaklqana
Kikubaaqudgha
Makhleb
Nemelex Xobeh
Okawaru
Qazlal
Ru
Sif Muna
Trog
Uskayaw
Vehumet
Wu Jian
Xom
Yredelemnul
Zin
The Shining One

Shops:
D:1 !   D:3 [

Annotations:
D:12 Erolcha


Innate Abilities, Weirdness & Mutations

You are immune to sickness and miasma.
Your stone body is resilient. (AC +8)
You are immune to poison.
You resist negative energy. (rN+)
You are resistant to electric shocks. (rElec)
You are resistant to unholy torment.
You are immune to petrification.


Message History

Erolcha mumbles some strange words.
Erolcha blinks!
The eight-headed hydra bites you but does no damage. x5
You block the eight-headed hydra's attack. x2
The eight-headed hydra bites you but does no damage.
You climb upwards.
There is a stone staircase leading down here.
You feel much better.
The eight-headed hydra bites you but does no damage. x3
The eight-headed hydra barely misses you.
You block the eight-headed hydra's attack.
The eight-headed hydra bites you but does no damage.
The eight-headed hydra completely misses you.
The eight-headed hydra bites you but does no damage.
The +7 war axe of Yredelemnul's Grace {freeze, *Noise rN+ Str+5 Int+5} stops glowing.
You are now empty-handed.
Really attack while wielding nothing?
You hit the eight-headed hydra but do no damage.
The eight-headed hydra bites you but does no damage. x2
The eight-headed hydra bites you!
You block the eight-headed hydra's attack. x3
The eight-headed hydra bites you but does no damage.
The eight-headed hydra bites you!
* * * LOW HITPOINT WARNING * * *
You block the eight-headed hydra's attack.
The eight-headed hydra bites you.
* * * LOW HITPOINT WARNING * * *
The eight-headed hydra bites you!
* * * LOW HITPOINT WARNING * * *
The eight-headed hydra bites you but does no damage. x3
The eight-headed hydra bites you!
* * * LOW HITPOINT WARNING * * *
The eight-headed hydra bites you but does no damage.
As you read the scroll of teleportation, it crumbles to dust.
You feel strangely unstable.
You block the eight-headed hydra's attack.
The eight-headed hydra bites you but does no damage.
The eight-headed hydra bites you.
You die...
Your body crumbles into a pile of gold.

...................#.....###.....
...................###...# ##....
.......#..........## ##..####...#
........###........## ##.#.......
........####........####.........
...###...##......................
.### ##..........................
.## ##........D........###.....
..# ##.......@................
..# ###........#..........#...
#.## ###<.........######.........
#..###............# ####.....#
#.............#...# ###...#
#............###..# ##..#
#....#####..## #...# ##.. ...###
##..# ##..# #.. ..## #..## #..##
##..


You could see an eight-headed hydra.

Vanquished Creatures
  A two-headed ogre (D:11)
  Pikel (D:8)
  Maurice (D:8)
  An unseen horror (D:12)
  A kobold demonologist (D:12)
  Grinder (D:6)
  A tarantella (shapeshifter) (D:10)
  6 wyverns
  16 yaks
  Eustachio (D:5)
  Sigmund (D:5)
  2 basilisks (D:11)
  4 steam dragons
  2 vampire mosquitoes (D:12)
  2 acid dragons (D:10)
  Edmund (D:5)
  Duvessa (D:6)
  3 water moccasins (D:5)
  2 orc warriors
  A sky beast (D:6)
  2 black bears
  3 ice beasts
  2 ogres (D:5)
  5 centaurs
  A phantom (D:4)
  7 kobold brigands
  Blork the orc (D:6)
  5 necrophages
  4 bullfrogs
  3 scorpions
  3 gnoll sergeants
  Dowan (D:6)
  9 killer bees
  4 howler monkeys
  4 crimson imps (D:3)
  3 hounds
  Crazy Yiuf (D:4)
  A jelly (D:6)
  An orc priest (D:7)
  A gnoll bouda (D:7)
  5 iguanas
  Natasha (thrice) (D:3)
  6 orc wizards
  19 gnolls
  3 river rats (Sewer)
  12 adders
  2 white imps
  7 worms
  4 dart slugs
  15 orcs
  11 ball pythons
  7 endoplasms
  4 giant cockroaches
  6 goblins
  8 hobgoblins
  3 jackals (Sewer)
  32 kobolds
  7 quokkas
  13 bats
  5 frilled lizards
  8 rats
290 creatures vanquished.

Vanquished Creatures (others)
  An orc wizard (D:7)
  2 plants (D:11)
3 creatures vanquished.

Grand Total: 293 creatures vanquished

Notes
Turn   | Place    | Note
-------+----------+-------------------------------------------
     0 | D:1      | Kel the Gargoyle Fighter began the quest for the Orb.
     0 | D:1      | Reached XP level 1. HP: 14/14 MP: 1/1
   152 | D:1      | Reached XP level 2. HP: 19/19 MP: 2/2
   383 | D:1      | Reached XP level 3. HP: 24/24 MP: 3/3
   390 | D:1      | Found Fegev's Distillery.
   517 | D:1      | Found a faded altar of an unknown god.
  1069 | D:2      | Reached XP level 4. HP: 27/29 MP: 4/4
  1301 | D:3      | Found a glowing drain.
  1353 | Sewer    | Entered a sewer
  1746 | Sewer    | Reached XP level 5. HP: 30/34 MP: 5/5
  2829 | D:3      | Noticed Natasha
  2829 | D:3      | Noticed a centaur
  2835 | D:3      | Killed Natasha
  2844 | D:3      | Killed a centaur
  2845 | D:3      | Reached skill level 5 in Fighting
  2845 | D:3      | Reached skill level 5 in Armour
  2845 | D:3      | Reached XP level 6. HP: 16/40 MP: 6/6
  2913 | D:3      | Noticed Natasha
  2919 | D:3      | Killed Natasha
  3076 | D:3      | Found a shimmering altar of Xom.
  3161 | D:3      | Reached XP level 7. HP: 24/44 MP: 4/7
  3319 | D:3      | Found Legud's Armour Boutique.
  3505 | D:3      | Noticed Natasha
  3519 | D:3      | Killed Natasha
  3943 | D:4      | Found a staircase to the Ecumenical Temple.
  3956 | Temple   | Entered the Ecumenical Temple
  4026 | Temple   | Became a worshipper of Gozag Ym Sagoz the Greedy
  5385 | D:4      | Found a runed translucent door.
  5386 | D:4      | Noticed Crazy Yiuf
  5394 | D:4      | Killed Crazy Yiuf
  5395 | D:4      | Reached skill level 1 in Maces & Flails
  5534 | D:5      | Entered Level 5 of the Dungeon
  5583 | D:5      | Noticed Sigmund
  5591 | D:5      | Killed Sigmund
  5592 | D:5      | Reached XP level 8. HP: 42/52 MP: 8/8
  5702 | D:5      | Reached skill level 5 in Axes
  5795 | D:5      | Noticed Eustachio
  5845 | D:5      | Killed Eustachio
  6160 | D:5      | Noticed Edmund
  6169 | D:5      | Killed Edmund
  6399 | D:4      | Reached XP level 9. HP: 19/58 MP: 9/9
  7460 | D:5      | Identified the +8 hand axe "Fun Onac" {freeze, rCorr Str+4
                  | Dex+2}
  7878 | D:6      | Noticed Duvessa
  7878 | D:6      | Noticed Dowan
  7903 | D:6      | Killed Dowan
  7914 | D:6      | Killed Duvessa
  8154 | D:6      | Noticed Grinder
  8161 | D:6      | Paralysed by Grinder for 3 turns
  8164 | D:6      | Killed Grinder
  8165 | D:6      | Reached XP level 10. HP: 66/66 MP: 10/10
  8592 | D:6      | Noticed Blork the orc
  8597 | D:6      | Killed Blork the orc
  8825 | D:3      | Bought the +1 helmet "Etavvag" {+Blink Will+ Stlth+} for
                  | 446 gold pieces
  9139 | D:7      | Found a flagged portal.
  9618 | D:7      | Reached skill level 10 in Fighting
  9620 | D:7      | Reached skill level 10 in Armour
 10005 | D:7      | Got Marrex's Disquisition on Flames and Evolution
 10142 | D:7      | Noticed a moth of wrath
 10146 | D:7      | Found a bloodstained altar of Trog.
 10314 | D:8      | Noticed Maurice
 10407 | D:8      | Killed Maurice
 10751 | D:8      | Identified the +7 war axe of Yredelemnul's Grace {freeze,
                  | *Noise rN+ Str+5 Int+5}
 11056 | D:8      | Noticed Pikel
 11063 | D:8      | Killed Pikel
 11534 | D:9      | Reached XP level 11. HP: 41/73 MP: 11/11
 11969 | D:9      | Found a burning altar of Makhleb.
 12398 | D:10     | Entered Level 10 of the Dungeon
 12500 | D:10     | Found a staircase to the Orcish Mines.
 12556 | D:10     | Got Sif Muna's Guide on Changing Damage Dealing
 13751 | D:11     | Noticed an eight-headed hydra
 14352 | D:11     | Found a staircase to the Lair.
 14651 | D:11     | Noticed a two-headed ogre
 14663 | D:11     | Killed a two-headed ogre
 15378 | D:12     | Identified the +0 chain mail of Bountiqo {rN+ Str+4}
 15518 | D:12     | Reached skill level 10 in Axes
 15570 | D:12     | Noticed a two-headed ogre
 15573 | D:12     | Noticed Erolcha
 15575 | D:12     | Noticed an eight-headed hydra
 15587 | D:11     | HP: 2/76 [eight-headed hydra (7)]
 15589 | D:11     | Slain by an eight-headed hydra

Illustrated notes

Levels and vault maps discovered:
D:1:      heliophobic_arrival_enchanted_forest, layout_rooms, serial_shops,
          nicolae_shop_stone, hellmonk_ecumenical_altar_arch_garden,
          minmay_liquid_box
D:2:      layout_basic
D:3:      layout_loops_cross, led_xom_imps, serial_shops,
          nicolae_shop_behind_doors, portal_sewer_entry_a, minmay_misc_feat_chi,
          uniq_natasha
D:4:      layout_basic, minmay_temple_entry_trees, minmay_misc_feat_hallway,
          uniq_crazy_yiuf_cottage
D:5:      layout_gridville, nzn_random_ring, uniq_edmund, uniq_eustachio,
          uniq_sigmund
D:6:      layout_loops_ring, uniq_blork_the_orc, uniq_grinder, uniq_duvessa
D:7:      layout_basic, tgw_trog, enter_bailey_2, minmay_stone_trees_small
D:8:      layout_loops_ring, uniq_maurice, uniq_pikel
D:9:      layout_loops_cross, lightli_temple_of_fire, feat_on_display
D:10:     layout_irregular_city, orc_0_dummy
D:11:     layout_layer_cave, david_lair_generic
D:12:     layout_irregular_city, hellmonk_ghost_big_iron, uniq_erolcha
Temple:   compressed_dpeg_triangle_lava_temple

Skill      XL: |  1  2  3  4  5  6  7  8  9 10 11 |
---------------+----------------------------------+-----
Axes           | 2 3 4 5 7 8 10 | 10.0
Fighting       | 4 5 6 7 9 10 12 | 12.2
Armour         | 4 5 6 7 9 10 12 | 12.2
Maces & Flails | 1 |  1.0
Shields        | |  3.4

Action                   |  1- 3 |  4- 6 |  7- 9 | 10-12 || total
-------------------------+-------+-------+-------+-------++-------
Melee: War axe           |    97 |   193 |    61 |   191 ||   542
       Whip              |       |       |    25 |       ||    25
       Quarterstaff      |       |       |    63 |       ||    63
       Flail             |       |       |    61 |       ||    61
       Hand axe          |       |       |    70 |   146 ||   216
       Unarmed           |       |       |       |    17 ||    17
Throw: Throwing net      |       |       |       |     1 ||     1
 Abil: Evoke Blink       |       |       |       |     1 ||     1
Evoke: Wand              |       |       |       |     1 ||     1
  Use: Potion            |       |     4 |     2 |     5 ||    11
       Scroll            |       |       |       |    11 ||    11
 Stab: Distracted        |       |       |     1 |     2 ||     3
Armor: Scale mail        |    60 |   164 |    10 |       ||   234
       Plate armour      |       |       |   233 |   297 ||   530
Dodge: Dodged            |    53 |   122 |   112 |   130 ||   417
Block: Buckler           |    23 |    53 |    53 |    29 ||   158
       Tower shield      |       |       |       |   189 ||   189
